 Dungeon Crawl Stone Soup version 0.28.0 (webtiles) character file.

Game seed: 17194612153913593998

2428 crazypyro the Cleaver (level 9, -7/70 HPs)
             Began as a Minotaur Fighter on Feb 8, 2022.
             Mangled by a seven-headed hydra (8 damage)
             ... on level 7 of the Dungeon.
             The game lasted 00:07:07 (7693 turns).

crazypyro the Cleaver (Minotaur Fighter)            Turns: 7693, Time: 00:07:08

Health: -7/70      AC: 27    Str: 24    XL:     9   Next: 24%
Magic:  8/8        EV: 10    Int:  5    God:
Gold:   404        SH:  4    Dex: 11    Spells: 8/8 levels left

rFire   . . .      SeeInvis .   s - +3 short sword (flame)
rCold   . . .      Faith    .   c - +0 buckler
rNeg    . . .      Spirit   .   x - +18 Lear's hauberk
rPois   .          Reflect  .   (helmet currently unavailable)
rElec   .          Harm     .   (no cloak)
rCorr   +          Rampage  .   (gloves currently unavailable)
Will    .....                   (boots currently unavailable)
Stlth   ..........              z - amulet of the acrobat
HPRegen 0.21/turn               m - ring of flight
MPRegen 0.11/turn               A - ring of resist corrosion

@: flying
A: horns 2, retaliatory headbutt
a: no special abilities


You were on level 7 of the Dungeon.
You visited 2 branches of the dungeon, and saw 8 of its levels.
You also visited: Sewer.

You collected 404 gold pieces.

Inventory:

Hand Weapons
 a - a +0 war axe of venom
 s - a +3 short sword of flaming (weapon)
Armour
 b - a +0 scale mail
 c - a +0 buckler (worn)
 e - a +0 pair of boots
 x - the +18 Lear's hauberk (worn)
   (You found it on level 6 of the Dungeon)
Jewellery
 m - a ring of flight (left hand)
 z - an amulet of the acrobat (around neck)
 A - a ring of resist corrosion (right hand)
Wands
 t - a wand of iceblast (7)
 u - a wand of paralysis (7)
 v - a wand of acid (4)
Scrolls
 g - a scroll of magic mapping
 l - 4 scrolls of teleportation
 n - a scroll of identify
 p - a scroll of blinking {unknown}
 r - a scroll of brand weapon
 y - a scroll of fear {unknown}
Potions
 d - a potion of might
 f - 3 potions of attraction {unknown}
 h - a potion of heal wounds
 i - 4 potions of curing
 j - a potion of degeneration {unknown}
 k - a potion of berserk rage {unknown}
 o - a potion of magic {unknown}
 q - a potion of haste {unknown}
 w - a potion of flight {unknown}


   Skills:
 - Level 3.6 Fighting
 * Level 12.6 Axes
 - Level 3.6 Armour
 + Level 7.3 Dodging
 - Level 3.6 Shields


You had 8 spell levels left.
You didn't know any spells.
Your spell library contained the following spells:

 Spells                   Type           Power      Damage    Failure   Level
 Pain                     Necr           0%         1d4       99%         1
 Blink                    Tloc           0%         N/A       100%        2
 Dazzling Flash           Conj/Hex       0%         N/A       100%        3
 Iskenderun's Mystic Bla  Conj/Tloc      0%         2d3       100%        4
 Agony                    Necr           0%         N/A       100%        5
 Excruciating Wounds      Necr           0%         N/A       100%        5
 Manifold Assault         Tloc           0%         N/A       100%        5
 Starburst                Conj/Fire      0%         6d3       100%        6
 Storm Form               Tmut/Air       0%         N/A       100%        7


Dungeon Overview and Level Annotations

Branches:
Dungeon (7/15)             Temple (1/1) D:4           Sewer (visited)

Altars:
Ashenzari
Cheibriados
Dithmenos
Elyvilon
Fedhas
Gozag
Hepliaklqana
Nemelex Xobeh
Okawaru
Qazlal
Ru
Trog
Uskayaw
Wu Jian
Xom
Zin
The Shining One

Annotations:
D:5 3 runed translucent doors, Fractals's ghost, novice TeCj


Innate Abilities, Weirdness & Mutations

You have a pair of horns on your head.
You reflexively headbutt those who attack you in melee.


Message History

You puncture the seven-headed hydra! You burn the seven-headed hydra.
The seven-headed hydra is heavily wounded.
The seven-headed hydra bites you.
The seven-headed hydra bites you but does no damage. x3
You block the seven-headed hydra's attack.
The seven-headed hydra bites you but does no damage. x2
Unknown command.
You hit the seven-headed hydra. You burn the seven-headed hydra.
You headbutt the seven-headed hydra.
The seven-headed hydra is heavily wounded.
The seven-headed hydra bites you but does no damage. x6
You block the seven-headed hydra's attack.
Unknown command.
You hit the seven-headed hydra. You burn the seven-headed hydra.
Your headbutt misses the seven-headed hydra.
The seven-headed hydra is severely wounded.
The seven-headed hydra bites you but does no damage.
The seven-headed hydra bites you!
* * * LOW HITPOINT WARNING * * *
The seven-headed hydra bites you but does no damage. x5
You puncture the seven-headed hydra! You burn the seven-headed hydra.
The seven-headed hydra is severely wounded.
The seven-headed hydra bites you.
* * * LOW HITPOINT WARNING * * *
The seven-headed hydra bites you but does no damage. x2
The seven-headed hydra barely misses you.
The seven-headed hydra bites you but does no damage.
The seven-headed hydra closely misses you.
The seven-headed hydra bites you but does no damage.
You puncture the seven-headed hydra! You burn the seven-headed hydra.
You headbutt the seven-headed hydra!
The seven-headed hydra is almost dead.
The seven-headed hydra bites you but does no damage.
The seven-headed hydra bites you.
* * * LOW HITPOINT WARNING * * *
The seven-headed hydra bites you!
* * * LOW HITPOINT WARNING * * *
The seven-headed hydra bites you but does no damage. x2
The seven-headed hydra bites you!
You die...

#.# ####.. .#
....^. .#
......# .#
.......##.####
.............
......D...#
#@..# #...#
##..# #..# #..#
#..#
######..####.###
................
########)###.##


You could see a seven-headed hydra.

Vanquished Creatures
  A troll (D:6)
  Prince Ribbit (D:5)
  A steam dragon (D:6)
  An ice beast (D:6)
  2 sky beasts
  3 necrophages
  2 ogres (D:5)
  2 centaurs (D:6)
  A phantom (D:6)
  4 kobold brigands (Sewer)
  3 scorpions
  A water moccasin zombie (D:6)
  A jelly (D:5)
  A howler monkey (D:6)
  3 hounds (D:5)
  Ijyb (D:3)
  2 bullfrog skeletons
  An iguana (D:5)
  An orc wizard (D:5)
  4 adders
  3 river rats (Sewer)
  2 ufetubi
  3 worms (Sewer)
  3 dart slugs (D:1)
  14 orcs
  4 bats
  12 endoplasms
  3 giant cockroaches
  5 goblins
  9 hobgoblins
  3 jackals (D:1)
  4 quokkas
  4 ball pythons
  3 frilled lizards
  14 kobolds
  11 rats
133 creatures vanquished.

Vanquished Creatures (others)
  An adder (D:6)
1 creature vanquished.

Grand Total: 134 creatures vanquished

Notes
Turn   | Place    | Note
-------+----------+-------------------------------------------
     0 | D:1      | crazypyro the Minotaur Fighter began the quest for the Orb.
     0 | D:1      | Reached XP level 1. HP: 19/19 MP: 0/0
   125 | D:1      | Reached skill level 3 in Axes
   138 | D:1      | Found a faded altar of an unknown god.
   229 | D:1      | Reached XP level 2. HP: 26/26 MP: 1/1
   319 | D:1      | Reached skill level 4 in Axes
   862 | D:2      | Reached XP level 3. HP: 29/31 MP: 2/2
  1746 | D:3      | Found a shadowy altar of Dithmenos.
  1871 | D:3      | Reached skill level 5 in Axes
  1883 | D:3      | Found a glowing drain.
  1892 | Sewer    | Entered a sewer
  2428 | Sewer    | Reached XP level 4. HP: 22/39 MP: 3/3
  2560 | Sewer    | Noticed a kobold brigand
  2582 | Sewer    | Killed a kobold brigand
  2583 | Sewer    | Reached skill level 6 in Axes
  2583 | Sewer    | Reached skill level 1 in Dodging
  2583 | Sewer    | Reached XP level 5. HP: 22/45 MP: 4/4
  3375 | Sewer    | Reached XP level 6. HP: 30/51 MP: 5/5
  3549 | Sewer    | Reached skill level 7 in Axes
  3931 | D:3      | Noticed Ijyb
  3944 | D:3      | Killed Ijyb
  4140 | D:3      | Found a hazy altar of Hepliaklqana.
  4438 | D:4      | Reached skill level 8 in Axes
  4438 | D:4      | Reached XP level 7. HP: 51/57 MP: 6/6
  4651 | D:4      | Found a glowing silver altar of Zin.
  4993 | D:4      | Found a staircase to the Ecumenical Temple.
  5254 | Temple   | Entered the Ecumenical Temple
  5403 | D:5      | Entered Level 5 of the Dungeon
  5553 | D:5      | Found a runed translucent gate.
  5553 | D:5      | Found a runed translucent gate.
  5553 | D:5      | Found a runed translucent gate.
  5827 | D:5      | Noticed Fractals's ghost (novice TeCj)
  5866 | D:5      | Reached skill level 9 in Axes
  5998 | D:5      | Reached skill level 5 in Dodging
  5998 | D:5      | Reached XP level 8. HP: 60/64 MP: 7/7
  6065 | D:5      | Reached skill level 10 in Axes
  6091 | D:5      | Noticed Prince Ribbit
  6100 | D:5      | Killed Prince Ribbit
  6418 | D:5      | Found a sparkling altar of Nemelex Xobeh.
  6727 | D:6      | Reached skill level 11 in Axes
  6840 | D:6      | Noticed a troll
  6847 | D:6      | Killed a troll
  6863 | D:6      | Reached skill level 12 in Axes
  6863 | D:6      | Reached XP level 9. HP: 35/70 MP: 8/8
  7073 | D:6      | Found the +18 Lear's hauberk
  7580 | D:7      | Found a stormy altar of Qazlal.
  7682 | D:7      | Noticed a seven-headed hydra
  7693 | D:7      | HP: 1/70 [seven-headed hydra (9)]
  7693 | D:7      | Mangled by a seven-headed hydra

Illustrated notes

Levels and vault maps discovered:
D:1:      elethiomel_arrival_maze, layout_loops_ring,
          ebering_ecumenical_altar_abandoned
D:2:      layout_basic, minmay_tetromino_t2
D:3:      layout_basic, nicolae_dithmenos_the_darkroom,
          mainiacjoe_overflow_brackets, gup_sewer_entry_bowl, uniq_ijyb
D:4:      layout_loops_ring, mainiacjoe_overflow_six_doors_small,
          minmay_temple_entry_nine_rooms, eino_tiny_chamber
D:5:      layout_basic, mainiacjoe_overflow_cross_hatched, gammafunk_ghost_icy,
          uniq_prince_ribbit1
D:6:      layout_rooms, dk_noncrumbling_2, hellmonk_guarded_unrand_lears
D:7:      layout_basic, nicolae_qazlal_style_of_elements,
          mainiacjoe_overflow_catwalk, minitemple, nrook_campfire
Temple:   nicolae_temple_hex_pool

Skill      XL: |  1  2  3  4  5  6  7  8  9 |
---------------+----------------------------+-----
Axes           | 3 4 5 6 8 9 12 | 12.6
Dodging        | 1 2 3 5 6 7 |  7.3
Fighting       | |  3.6
Armour         | |  3.6
Shields        | |  3.6

Action                   |  1- 3 |  4- 6 |  7- 9 || total
-------------------------+-------+-------+-------++-------
Melee: War axe           |   106 |   121 |   133 ||   360
       Headbutt          |    12 |    16 |    23 ||    51
       Short sword       |       |       |     9 ||     9
  Use: Scroll            |       |     7 |     1 ||     8
       Potion            |       |     1 |       ||     1
Armor: Scale mail        |    47 |    43 |    43 ||   133
       Chain mail        |       |       |    62 ||    62
Dodge: Dodged            |    58 |    43 |    67 ||   168
Block: Buckler           |    27 |    20 |    30 ||    77
